 Dungeon Crawl Stone Soup version 0.20-a0-1006-ge6c5631 (webtiles) character file.

273 Nvm9 the Covered (level 6, -9/48 HPs)
             Began as a Demonspawn Fighter on Apr 13, 2017.
             Mangled by Menkaure (14 damage)
             ... on level 4 of the Dungeon.
             The game lasted 00:04:20 (3350 turns).

Nvm9 the Covered (Demonspawn Fighter)               Turns: 3350, Time: 00:04:21

Health: -9/48      AC: 11    Str: 18    XL:     6   Next: 3%
Magic:  6/6        EV:  7    Int: 14    God:
Gold:   137        SH:  9    Dex: 13    Spells: 5/5 levels left

rFire    . . .     SeeInvis .   a - +3 war axe
rCold    . . .     Gourm    .   c - +0 shield
rNeg     . . .     Faith    .   i - +0 chain mail
rPois    .         Spirit   .   e - +1 helmet
rElec    .         Reflect  .   (no cloak)
rCorr    +         Harm     .   (no gloves)
MR       .....                  (no boots)
Stlth    ..........             (no amulet)
Regen    0.2/turn               t - ring of resist corrosion
MPRegen  0.1/turn               (no ring)

@: brilliant
A: talons 1, repulsion field 1
a: no special abilities


You were on level 4 of the Dungeon.
You were not hungry.

You visited 1 branch of the dungeon, and saw 4 of its levels.

You collected 137 gold pieces.

Inventory:

Hand Weapons
 a - a +3 war axe (weapon)
Armour
 c - a +0 shield (worn)
 e - a +1 helmet (worn)
 i - a +0 chain mail (worn)
Jewellery
 t - a ring of resist corrosion (left hand)
Wands
 d - a wand of random effects (21/48)
 s - a wand of digging (13/24)
Scrolls
 b - 2 scrolls of teleportation
 g - 3 scrolls of remove curse
 o - a scroll of fear {unknown}
 p - a scroll of identify
Potions
 h - a potion of magic
 l - 2 potions of berserk rage {unknown}
 n - 2 potions of lignification {unknown}
 q - a potion of brilliance
 r - a potion of agility {unknown}
 u - a potion of heal wounds {unknown}
Comestibles
 f - 2 bread rations
 j - 3 fruits
 m - a meat ration


   Skills:
 + Level 4.0 Fighting
 + Level 3.3 Axes
 * Level 4.2 Armour
 + Level 3.3 Shields


You had 5 spell levels left.
You didn't know any spells.

Dungeon Overview and Level Annotations

Branches:
Dungeon (4/15)
 Temple: D:4-7

Altars:
Kikubaaqudgha
Makhleb

Annotations:
D:4 Menkaure


Innate Abilities, Weirdness & Mutations

You have sharp toenails.
You are surrounded by a mild repulsion field. (EV +2)


Message History

Menkaure seems to speed up.
You block the bullfrog's attack.
You closely miss the bullfrog.
The bullfrog is severely wounded.
The bullfrog barely misses you. x2
You barely miss the bullfrog.
The bullfrog is severely wounded.
You slash Menkaure! The bullfrog barely misses you. Menkaure barely misses you.
The bullfrog hits you.
* * * LOW HITPOINT WARNING * * *
Menkaure giggles, "These cerements are ticklish..."
Menkaure hits you but does no damage.
It was a potion of curing.
You feel better.
The bullfrog hits you but does no damage.
Menkaure hits you!!
* * * LOW HITPOINT WARNING * * *
The bullfrog barely misses you.
It was a potion of brilliance.
You feel clever all of a sudden. Menkaure hits you!
You die...

#.##........,,****,*
#.##.........,****,* #########
#.######...#..,,**,* #.......##
#.# *,*,****,**,* +........## #.#
*,***,**,**,* #.........# #.#
*,,,*,,,,**,* ........#.#
#.########.#,****#,*
........#.###'##.M.....#,*,* #.##
................@F.....#,*,**#...
.......)................,,,,*####
#.......................,,,,,,* #
#.######................,,,,*,* #
#.# #................,,,,*,* #
#.# #................,,,,*,* #.#
#................,,,,*,* #.###
#........##.####.,,,,,,* #...#
#........#*,#*******+***


You could see Menkaure and a bullfrog.

Vanquished Creatures
  A howler monkey (D:4)
  Terence (D:2)
  Jessica (D:2)
  Robin (D:2)
  A howler monkey skeleton (D:4)
  5 adders
  An ooze (D:2)
  An adder skeleton (D:4)
  2 worms (D:2)
  2 dart slugs
  3 leopard geckos
  3 orcs
  A bat zombie (D:2)
  4 giant cockroaches
  7 goblins
  9 hobgoblins
  11 jackals
  A quokka (D:2)
  13 bats
  4 frilled lizards
  14 kobolds
  A quokka skeleton (D:4)
  8 rats
95 creatures vanquished.

Notes
Turn   | Place    | Note
-------+----------+-------------------------------------------
     0 | D:1      | Nvm9 the Demonspawn Fighter began the quest for the Orb.
     0 | D:1      | Reached XP level 1. HP: 18/18 MP: 1/1
   118 | D:1      | Gained mutation: You have sharp toenails. [demonic ancestry]
   118 | D:1      | Reached XP level 2. HP: 9/24 MP: 2/2
   760 | D:2      | Gained mutation: You are surrounded by a mild repulsion field. (EV +2) [demonic ancestry]
   760 | D:2      | Reached XP level 3. HP: 18/29 MP: 3/3
  1111 | D:2      | Noticed Robin
  1118 | D:2      | Killed Robin
  1217 | D:2      | Reached XP level 4. HP: 35/35 MP: 4/4
  1576 | D:2      | Noticed Terence
  1607 | D:2      | Killed Terence
  1863 | D:2      | Noticed Jessica
  1866 | D:2      | Killed Jessica
  1866 | D:2      | Reached XP level 5. HP: 32/42 MP: 5/5
  2116 | D:2      | Found an ancient bone altar of Kikubaaqudgha.
  2975 | D:4      | Reached XP level 6. HP: 45/48 MP: 6/6
  3297 | D:4      | Found a burning altar of Makhleb.
  3297 | D:4      | Noticed a green death
  3342 | D:4      | Noticed Menkaure
  3350 | D:4      | Mangled by Menkaure

Vault maps used:
D:1:      ncdulo_lavacross, wad_floor_pattern_1
D:2:      lemuel_zombie_altar_kikubaaqudgha, uniq_terence, uniq_jessica,
          uniq_robin
D:3:      serial_park_tiny_pond, minmay_close_crescents
D:4:      first_bread, makhleb_altar_promises_db, uniq_menkaure

Skill      XL: |  1  2  3  4  5 |
---------------+----------------+-----
Axes           | 2 3 |  3.3
Armour         | 3 4 |  4.2
Shields        | 3 |  3.3
Fighting       | 4 |  4.0

Action                   |  1- 3 |  4- 6 || total
-------------------------+-------+-------++-------
Melee: War axe           |   111 |   184 ||   295
       Kick              |    15 |    37 ||    52
  Use: Scroll            |     2 |     7 ||     9
       Potion            |       |     3 ||     3
  Eat: Chunk             |     1 |     7 ||     8
Armor: Scale mail        |    39 |       ||    39
       Chain mail        |    41 |   133 ||   174
Dodge: Dodged            |    36 |    71 ||   107
Block: Shield            |    60 |   124 ||   184
